 Dungeon Crawl Stone Soup version 0.19-a0-276-g3ff07cd (webtiles) character file.

564 Ordine the Changer (level 7, 0/43 HPs)
             Began as an Octopode Transmuter on May 26, 2016.
             Splashed by a jelly's acid (4 damage)
             ... on level 5 of the Dungeon.
             The game lasted 00:10:33 (3887 turns).

Ordine the Changer (Octopode Transmuter)            Turns: 3887, Time: 00:10:34

Health: 0/43       AC: -7    Str: 10    XL:     7   Next: 32%
Magic:  7/10       EV: 12    Int: 17    God:
Gold:   158        SH:  0    Dex: 12    Spells: 3 memorised, 1 level left

rFire  . . .     SeeInvis .       - Unarmed
rCold  + . .     Gourm    .     (no shield)
rNeg   . . .     Faith    .     (helmet restricted)
rPois  .         Spirit   .     (no amulet)
rElec  .         Dismiss  .     g - ring of flight
rCorr  .         Reflect  .     k - ring of protection from cold
SustAt .         Harm     .     (no ring)
MR     .....                    (no ring)
Stlth  ++........               (no ring)
                                (no ring)
                                (no ring)
                                (no ring)

@: corroded, very slightly contaminated, not resistant to hostile enchantments,
unstealthy
A: almost no armour, amphibious, 8 rings, constrict 8, camouflage 1, gelatinous
body 1
a: Evoke Flight


You were on level 5 of the Dungeon.
You were hungry.

You visited 1 branch of the dungeon, and saw 5 of its levels.

You collected 158 gold pieces.

Inventory:

Missiles
 m - 202 stones (quivered)
Magical Staves
 f - an uncursed staff of power
Jewellery
 g - a ring of flight (left tentacle)
 k - a ring of protection from cold (right tentacle)
Scrolls
 h - a scroll of teleportation
 q - 2 scrolls of remove curse
Potions
 a - a potion of mutation
 e - a potion of resistance
 j - a potion of flight
 l - 2 potions of curing
 o - a potion of haste {unknown}
 p - 2 potions of agility {unknown}
 r - a potion of invisibility {unknown}
Books
 b - a book of Changes

   Spells                             Type                      Level
   a - Beastly Appendage              Transmutation                1
   b - Sticks to Snakes               Transmutation                2
   c - Spider Form                    Transmutation/Poison         3
   d - Ice Form                       Ice/Transmutation            4
   e - Blade Hands                    Transmutation                5
Comestibles
 c - 7 bread rations
 d - 4 fruits
 i - 2 chunks of flesh
 n - 2 meat rations


   Skills:
 - Level 1.0 Fighting
 - Level 2.0 Dodging
 + Level 5.3 Unarmed Combat
 - Level 2.0 Spellcasting
 * Level 6.4 Transmutations


You had one spell level left.
You knew the following spells:

 Your Spells              Type           Power        Failure   Level  Hunger
a - Beastly Appendage     Tmut           ###...       1%          1    #......
b - Spider Form           Tmut/Pois      ##........   17%         3    ###....
c - Blade Hands           Tmut           ###.......   45%         5    ######.


Dungeon Overview and Level Annotations

Branches:
Dungeon (5/15)
 Temple: D:4-7

Altars:
Cheibriados
Elyvilon
Kikubaaqudgha
Ru
Vehumet
Xom


Innate Abilities, Weirdness & Mutations

You cannot wear most types of armour.
You are amphibious.
You can wear up to eight rings at the same time.
You can use your tentacles to constrict eight enemies at once.
Your skin changes colour to match your surroundings (Stealth+).
Your rubbery body absorbs attacks. (AC +1)


Message History

The acid burns!
* * * LOW HITPOINT WARNING * * *
You are too injured to fight recklessly!
Casting: Spider Form
Confirm with . or Enter, or press ? or * to list all spells.
You miscast Spider Form.
You are very lightly contaminated with residual magic.
You smell something strange.
You are feeling hungry.
The jelly jiggles.
The jelly hits you.
* * * LOW HITPOINT WARNING * * *
You are splashed with acid!
The acid burns!
* * * LOW HITPOINT WARNING * * *
Unknown command.
Unknown command.
The jelly jiggles.
You tentacle-slap the jelly but do no damage.
Your tentacles burn!
You die...

........#
....?..#
.....
#..#
###..#
#....#
#....#
#..J.#
#).@.#
#....#
#....#
#....#
#<..##
#####


You could see a jelly.

Vanquished Creatures
  Sigmund (D:3)
  An ogre (D:5)
  A giant frog (D:4)
  An orc wizard (D:3)
  Natasha (thrice) (D:2)
  An iguana (D:4)
  A hound skeleton (D:4)
  2 adders
  An ooze (D:1)
  2 worms
  2 dart slugs (D:1)
  5 giant geckos
  8 orcs
  2 ball pythons (D:4)
  3 bats
  3 giant cockroaches
  6 goblins
  4 hobgoblins (D:1)
  10 jackals
  4 kobolds
  A ball python skeleton (D:4)
  3 giant newts
  2 quokka skeletons (D:4)
  6 rats
73 creatures vanquished.

Notes
Turn   | Place    | Note
--------------------------------------------------------------
     0 | D:1      | Ordine the Octopode Transmuter began the quest for the Orb.
     0 | D:1      | Reached XP level 1. HP: 13/13 MP: 3/3
    93 | D:1      | Reached XP level 2. HP: 17/18 MP: 3/5
   288 | D:1      | Reached skill level 3 in Transmutations
   537 | D:1      | Reached XP level 3. HP: 23/23 MP: 6/6
   542 | D:1      | Learned a level 3 spell: Spider Form
  1077 | D:2      | Noticed Natasha
  1085 | D:2      | Killed Natasha
  1085 | D:2      | Reached XP level 4. HP: 17/28 MP: 0/7
  1309 | D:2      | Noticed Natasha
  1316 | D:2      | Killed Natasha
  1316 | D:2      | Reached skill level 4 in Transmutations
  1856 | D:2      | Noticed Natasha
  1862 | D:2      | Killed Natasha
  1862 | D:2      | Reached XP level 5. HP: 26/33 MP: 4/8
  2204 | D:3      | Noticed Sigmund
  2230 | D:3      | Killed Sigmund
  2230 | D:3      | Reached skill level 5 in Transmutations
  2230 | D:3      | Reached XP level 6. HP: 32/38 MP: 6/9
  2609 | D:3      | Learned a level 5 spell: Blade Hands
  3028 | D:4      | Found a white marble altar of Elyvilon.
  3157 | D:4      | Found a shimmering altar of Xom.
  3157 | D:4      | Found a radiant altar of Vehumet.
  3160 | D:4      | Found a sacrificial altar of Ru.
  3234 | D:4      | Reached skill level 5 in Unarmed Combat
  3568 | D:4      | Reached skill level 6 in Transmutations
  3568 | D:4      | Reached XP level 7. HP: 34/43 MP: 6/10
  3813 | D:4      | Found a snail-covered altar of Cheibriados.
  3816 | D:4      | Found an ancient bone altar of Kikubaaqudgha.
  3848 | D:5      | Entered Level 5 of the Dungeon
  3887 | D:5      | Splashed by a jelly's acid

Vault maps used:
D:1:      eino_arrival_water_star, solitary_fountain
D:2:      hangedman_decor_slide_cut, fountainhead, uniq_natasha
D:3:      first_bread, uniq_sigmund
D:4:      nicolae_overflow_hidden_temple, elyvilon_altar_3
D:5:      lemuel_blue_sif_altar

Skill      XL: |  1  2  3  4  5  6 |
---------------+-------------------+-----
Transmutations | 3 4 5 6 |  6.4
Unarmed Combat | 4 5 |  5.3
Fighting       | |  1.0
Dodging        | |  2.0
Spellcasting   | |  2.0

Action                   |  1- 3 |  4- 6 |  7- 9 || total
-------------------------+-------+-------+-------++-------
Melee: Unarmed           |    63 |    98 |     8 ||   169
       Constrict         |    13 |    11 |       ||    24
       Tentacles         |     7 |     5 |       ||    12
       Kick              |     8 |       |       ||     8
       Punch             |     2 |     4 |       ||     6
 Cast: Beastly Appendage |     3 |       |       ||     3
       Spider Form       |     1 |     7 |     1 ||     9
  Use: Scroll            |       |    15 |     1 ||    16
 Stab: Sleeping          |     5 |     5 |       ||    10
  Eat: Chunk             |     1 |     8 |     1 ||    10
Armor: Skin              |     3 |     3 |       ||     6
Dodge: Dodged            |    35 |    61 |     5 ||   101
